Map: Snowy Mesa

Players

shadowhalo

  • Race: Terran Terran

Tenonee

  • Race: Zerg Zerg
  • League: Platinum

Toetoefoot

  • Race: Terran Terran
  • League: Master

Squad

  • Race: Terran Terran

VOD

Have the link to the VOD?

Description

Time

  • Played on: July 24, 2016, 4:54 a.m.
  • Length: 13:17
Show
View Real Time Build Order
Export as new Build Order

shadowhalo Terran 

Build Orders:  

Get SALT Encoding   

  12  0:01  SCV  
  13  0:14  SCV  
  14  0:17  Supply Depot  
  14  0:26  SCV  
  15  0:28  Refinery  
  15  0:39  SCV  
  16  0:45  Barracks  
  16  0:51  SCV  
  17  1:04  Barracks  
  17  1:16  Barracks  
  17  1:25  Refinery  
  17  1:28  SCV  
  18  1:33  Reaper  
  19  1:44  Supply Depot  
  19  1:51  Reaper  
  20  2:00  SCV  
  21  2:04  Reaper  
  21  2:05  Reaper  
  23  2:16  SCV  
  24  2:23  Reaper  
  25  2:34  Supply Depot  
  25  2:36  Reaper  
  26  2:37  Reaper  
  27  2:55  Reaper, SCV  
  29  3:08  Reaper  
  29  3:09  Reaper  
  29  3:28  Reaper  
  30  3:41  Reaper  
  31  3:42  Reaper  
  31  4:00  Reaper  
  31  4:13  Reaper  
  31  4:14  Reaper  
  34  4:17  SCV  
  34  4:26  Supply Depot  
  32  4:32  Reaper  
  32  4:35  Orbital Command  
  32  4:37  Command Center  
  33  4:45  Reaper  
  34  4:46  Reaper  
  35  4:55  Supply Depot  
  35  5:04  Reaper  
  35  5:17  Reaper  
  35  5:18  Reaper  
  37  5:21  SCV  
  37  5:28  Factory  
  38  5:31  Engineering Bay  
  38  5:36  Reaper  
  39  5:49  Reaper  
  36  5:55  SCV  
  36  5:56  SCV  
  38  6:05  Terran Infantry Weapons Level 1  
  38  6:14  Command Center  
  38  6:25  SCV x2  
  40  6:28  Starport  
  40  6:29  Factory Reactor  
  40  6:30  Barracks Tech Lab  
  40  6:32  Barracks Reactor  
  40  6:33  Barracks Reactor  
  40  6:36  Barracks Tech Lab  
  40  6:37  SCV x2  
  42  6:43  Barracks Reactor  
  36  6:49  SCV x2  
  35  7:07  Reaper x2  
  36  7:16  Orbital Command  
  36  7:22  SCV  
  37  7:33  Marine x2, Stimpack  
  37  7:34  Starport Reactor, SCV  
  37  7:36  Hellion x2  
  44  7:39  Marine, Reaper  
  46  7:47  SCV x2  
  46  7:51  Refinery  
  48  7:52  Refinery  
  48  7:56  Marine x2  
  48  7:57  Marauder  
  52  7:59  SCV x2  
  52  8:00  Widow Mine x2  
  58  8:06  Terran Infantry Armor Level 1  
  58  8:08  Orbital Command  
  58  8:11  Marauder, SCV x2  
  62  8:16  Missile Turret  
  62  8:23  Armory, SCV  
  63  8:29  Barracks  
  63  8:30  Barracks  
  63  8:31  SCV  
  64  8:35  SCV  
  64  8:36  SCV  
  66  8:43  SCV  
  66  8:47  SCV  
  66  8:48  SCV  
  66  8:52  Marine x2, Marauder x2  
  66  8:55  SCV  
  73  8:59  Supply Depot x2, SCV  
  73  9:00  SCV  
  75  9:03  Missile Turret  
  75  9:06  Missile Turret  
  75  9:07  SCV  
  76  9:10  Marine x2  
  76  9:11  SCV  
  76  9:13  Marine  
  80  9:18  Marauder  
  80  9:20  Barracks Tech Lab  
  80  9:21  Barracks Tech Lab  
  78  9:24  Supply Depot  
  78  9:26  Supply Depot  
  78  9:27  Marine  
  78  9:28  Marine  
  78  9:31  Marine  
  77  9:41  Marine, Marauder  
  77  9:42  Marauder  
  82  9:45  Marine x2  
  82  9:49  Marauder  
  82  9:50  SCV x2  
  82  9:51  SCV  
  89  9:54  Supply Depot  
  89  9:55  Supply Depot  
  89  9:59  Marauder  
  91  10:02  Marine x2, SCV  
  91  10:03  Marine x2  
  96  10:10  Marine  
  96  10:12  Widow Mine x2  
  101  10:15  Medivac  
  101  10:17  Medivac  
  101  10:18  SCV  
  101  10:20  Marine x3  
  101  10:21  Marine x2  
  109  10:28  Terran Infantry Weapons Level 2  
  111  10:34  Refinery  
  111  10:35  Refinery  
  111  10:37  Supply Depot  
  111  10:40  Supply Depot  
  111  10:41  Widow Mine x2  
  115  10:44  Supply Depot  
  115  10:45  Medivac, Marauder x4  
  125  10:58  Marine x2, Medivac  
  129  11:06  Marauder x2  
  132  11:23  Widow Mine x2  
  136  11:27  Medivac  
  123  11:57  Marine x2, Marauder x3  
  133  12:15  Marine  
  128  12:18  Marauder x2  
  128  12:19  Marauder  
  110  12:29  Medivac x2, Marine  
  99  12:40  Marauder x3  
  80  12:47  Marine  
Show
View Real Time Build Order
Export as new Build Order

Tenonee Zerg 

Build Orders: Hatch First, Lurkers 

Get SALT Encoding   

  12  0:01  Drone  
  13  0:13  Drone  
  14  0:36  Hatchery  
  13  0:42  Extractor  
  12  0:54  Spawning Pool  
  11  0:57  Drone  
  12  1:07  Drone  
  13  1:14  Overlord  
  13  1:31  Drone  
  14  1:42  Metabolic Boost  
  14  1:45  Queen  
  16  1:58  Queen  
  18  2:07  Drone x3  
  21  2:15  Drone x2  
  22  2:18  Drone  
  24  2:29  Drone x3  
  27  2:40  Drone  
  27  2:42  Overlord  
  28  2:48  Overlord  
  28  3:02  Zergling x2  
  28  3:03  Zergling x8  
  33  3:19  Zergling x6  
  36  3:23  Overlord  
  36  3:24  Overlord x2  
  36  3:40  Overlord  
  32  3:53  Drone  
  32  3:54  Drone x6  
  35  4:10  Roach Warren  
  35  4:12  Drone x5  
  39  4:19  Lair  
  39  4:22  Drone x2  
  41  4:41  Extractor  
  40  4:51  Roach  
  40  4:52  Roach x3  
  48  4:57  Extractor  
  48  4:59  Extractor  
  46  5:02  Roach  
  48  5:12  Drone x3  
  48  5:13  Drone x3  
  48  5:14  Drone x4  
  55  5:20  Glial Reconstitution  
  58  5:26  Drone x3  
  58  5:28  Overlord  
  61  5:42  Overlord x3  
  61  5:51  Roach  
  61  5:52  Roach x2  
  67  6:10  Roach x3, Spore Crawler  
  67  6:11  Roach x5  
  82  6:13  Ravager x3  
  85  6:30  Overlord  
  85  6:32  Roach x3  
  91  6:37  Overlord x3  
  91  6:46  Zergling x2  
  92  6:52  Hatchery  
  91  6:58  Zergling x2  
  91  6:59  Overlord x2  
  92  7:06  Evolution Chamber  
  91  7:10  Evolution Chamber  
  90  7:32  Hydralisk Den  
  90  7:33  Drone  
  90  7:34  Drone x6  
  96  7:37  Zerg Missile Weapons Level 1  
  96  7:52  Burrow  
  96  7:53  Extractor  
  96  7:57  Infestation Pit  
  96  7:58  Extractor, Drone x3  
  96  7:59  Drone x2  
  96  8:00  Drone  
  99  8:12  Hydralisk x5  
  99  8:19  Queen  
  111  8:21  Drone x4  
  111  8:22  Drone  
  116  8:33  Lurker Den  
  116  8:42  Hydralisk, Overlord x2  
  116  8:43  Hydralisk x3, Roach x3  
  116  8:44  Roach x2  
  134  8:52  Overlord x2  
  133  9:14  Spire  
  130  9:33  Hatchery  
  129  9:40  Evolution Chamber  
  129  9:41  Evolution Chamber  
  127  9:49  Hydralisk  
  127  9:50  Hydralisk x2, Roach x3  
  127  9:51  Roach x2  
  127  9:52  Overlord x3  
  136  9:53  Overlord  
  111  10:09  Hydralisk x2  
  111  10:10  Hydralisk x2, Roach x4  
  111  10:11  Roach  
  111  10:12  Queen  
  129  10:21  Queen  
  129  10:27  Lurker x2  
  129  10:28  Lurker, Corruptor x3  
  140  10:37  Corruptor x3  
  146  10:47  Queen  
  146  10:49  Corruptor x5  
  158  10:59  Lurker  
  158  11:00  Lurker x2, Extractor  
  158  11:02  Extractor  
  159  11:11  Drone x3  
  161  11:12  Drone x3  
  161  11:13  Drone x3  
  166  11:26  Corruptor x3  
  117  11:54  Hydralisk x2  
  117  11:55  Hydralisk x3, Roach x3  
  117  11:56  Roach x4  
  130  12:17  Mutalisk x4  
  121  12:46  Corruptor  
  121  12:47  Corruptor x3  
Show
View Real Time Build Order
Export as new Build Order

Toetoefoot Terran 

Build Orders: Reaper Expand, Mech 

Get SALT Encoding   

  12  0:01  SCV  
  13  0:13  SCV  
  14  0:17  Supply Depot  
  14  0:25  SCV  
  14  0:28  Refinery  
  15  0:39  SCV  
  16  0:44  Barracks  
  16  0:51  SCV  
  17  1:03  SCV  
  18  1:16  SCV  
  19  1:31  Orbital Command  
  19  1:32  Reaper  
  20  1:45  Command Center  
  20  1:55  Supply Depot  
  20  2:01  SCV  
  21  2:04  Reaper  
  21  2:07  Refinery  
  22  2:14  Factory  
  22  2:29  SCV  
  23  2:42  Barracks Tech Lab  
  22  2:47  SCV  
  23  3:01  Hellion, Marauder  
  26  3:19  Orbital Command  
  26  3:22  SCV  
  26  3:25  Hellion, Marauder  
  30  3:35  Concussive Shells  
  30  3:47  Hellion  
  31  3:51  SCV  
  29  3:57  SCV  
  30  4:03  SCV  
  29  4:14  SCV  
  29  4:15  SCV  
  31  4:18  Hellion  
  31  4:19  Marauder  
  35  4:26  SCV  
  35  4:27  SCV, Factory  
  35  4:28  Armory  
  35  4:30  Factory  
  35  4:31  Engineering Bay  
  37  4:32  Starport  
  37  4:38  SCV  
  38  4:39  SCV  
  39  4:50  SCV  
  40  4:59  SCV  
  41  5:02  SCV  
  41  5:03  Factory Tech Lab  
  40  5:13  SCV  
  41  5:14  SCV  
  41  5:20  Factory Tech Lab  
  41  5:21  Command Center, Factory Tech Lab  
  42  5:22  Siege Tank  
  42  5:24  Starport Reactor  
  42  5:27  Terran Vehicle Weapons Level 1  
  45  5:31  SCV  
  46  5:36  Missile Turret  
  46  5:43  Supply Depot x2  
  46  5:45  Supply Depot  
  46  5:48  Supply Depot  
  46  5:59  Refinery  
  46  6:00  Refinery  
  46  6:01  Supply Depot  
  46  6:04  SCV x2  
  46  6:05  Hellion x3  
  46  6:07  Viking  
  56  6:16  SCV x2  
  58  6:28  SCV x2  
  60  6:41  SCV  
  61  6:50  Refinery  
  61  6:51  Refinery  
  61  6:56  SCV x2  
  61  6:59  Orbital Command  
  63  7:08  SCV x2  
  63  7:15  Siege Tank x3  
  74  7:20  SCV  
  74  7:21  Terran Vehicle Weapons Level 2  
  75  7:26  Medivac x2  
  79  7:31  SCV x2  
  79  7:34  SCV  
  82  7:43  SCV  
  83  7:45  Infernal Pre-Igniter  
  83  7:48  Hellion x3  
  89  7:52  Supply Depot  
  89  7:54  Supply Depot x2  
  89  7:56  Viking x2  
  93  8:01  SCV  
  93  8:02  Command Center  
  94  8:06  SCV  
  94  8:09  Thor  
  101  8:24  Missile Turret  
  101  8:25  Viking  
  101  8:26  Viking, SCV  
  106  8:29  Missile Turret  
  106  8:38  Factory  
  106  8:41  Starport  
  106  8:44  SCV  
  106  8:46  SCV x2  
  106  8:47  Siege Tank x2  
  115  9:01  Refinery  
  115  9:35  Siege Tank x3  
  115  9:36  Hellion  
  115  9:37  Viking x3  
  132  9:57  Hellion  
  134  10:07  Viking  
  130  10:08  Hellion  
  129  10:15  Siege Tank x2  
  129  10:16  SCV  
  129  10:19  Orbital Command  
  136  10:21  SCV  
  136  10:22  SCV  
  136  10:24  Refinery  
  136  10:25  Command Center  
  136  10:28  Factory Tech Lab, SCV  
  139  10:30  Starport Reactor  
  139  10:36  Terran Vehicle Weapons Level 3, Supply Depot x3  
  139  10:37  Supply Depot  
  139  10:39  Supply Depot  
  139  10:40  Armory  
  139  10:57  Siege Tank x4  
  133  11:50  Viking x4  
  141  12:02  Orbital Command  
  135  12:08  Siege Tank  
  135  12:09  Hellion x2, Siege Tank  
  141  12:20  Viking  
  143  12:30  Hellion  
  143  12:31  Hellion  
  143  12:41  Hellion x2  
  136  12:44  Viking x2  
  134  12:52  Hellion  
  128  13:02  Starport  
  128  13:03  Starport  
Show
View Real Time Build Order
Export as new Build Order

Squad Terran 

Build Orders: Bio Tank 

Get SALT Encoding   

  12  0:01  SCV  
  13  0:13  SCV  
  14  0:21  Supply Depot  
  14  0:25  SCV  
  16  0:42  SCV  
  16  0:50  Barracks, Refinery  
  16  0:54  SCV  
  17  1:07  SCV  
  18  1:19  SCV  
  19  1:31  SCV  
  20  1:37  Command Center  
  20  1:38  Barracks Reactor  
  20  1:44  Supply Depot  
  20  1:52  Orbital Command  
  20  2:12  Factory  
  20  2:14  Marine  
  20  2:15  Marine  
  22  2:18  Refinery  
  22  2:19  SCV  
  23  2:32  Marine x2  
  25  2:37  SCV  
  26  2:49  SCV  
  26  2:50  Marine x2  
  29  2:56  Factory Tech Lab  
  29  2:58  Starport  
  29  3:02  SCV  
  30  3:08  Marine x2  
  31  3:19  Siege Tank  
  34  3:20  SCV  
  34  3:24  Orbital Command  
  34  3:26  Marine x2  
  37  3:32  SCV  
  38  3:43  Marine  
  38  3:44  Marine, SCV  
  41  3:56  SCV  
  39  4:12  Marine x2  
  39  4:13  Siege Tank  
  39  4:14  Medivac  
  46  4:19  Barracks  
  46  4:21  Barracks  
  46  4:40  Supply Depot  
  46  4:47  Starport Reactor  
  46  4:50  Supply Depot  
  46  5:02  Marine x2, Siege Tank, SCV x2  
  54  5:14  Barracks Tech Lab, SCV x2  
  54  5:18  Barracks Tech Lab  
  55  5:23  Supply Depot  
  55  5:26  SCV  
  56  5:29  SCV  
  57  5:37  Supply Depot  
  57  5:39  Supply Depot  
  57  5:42  Marauder  
  61  5:43  Combat Shields, Marauder  
  61  5:45  Stimpack  
  61  5:46  Marine, Siege Tank  
  61  5:47  Marine  
  61  6:03  Marine x2  
  62  6:05  Engineering Bay  
  62  6:06  Marine x2  
  62  6:08  Supply Depot  
  64  6:19  Refinery  
  64  6:20  Refinery  
  64  6:21  Marauder  
  64  6:22  Marauder  
  64  6:23  SCV  
  69  6:26  SCV  
  70  6:35  SCV  
  70  6:37  Marine  
  70  6:38  Marine, SCV  
  74  6:43  Marauder  
  74  6:44  Supply Depot x2  
  76  6:50  SCV  
  76  6:51  Medivac x2  
  81  6:55  Marine x2, Marauder  
  81  6:58  Command Center  
  85  7:04  Marine  
  85  7:07  Concussive Shells  
  86  7:10  Terran Infantry Weapons Level 1  
  86  7:11  Supply Depot  
  85  7:17  Marauder  
  85  7:18  Marine x2  
  85  7:19  Liberator  
  85  7:21  Marine  
  87  7:35  Siege Tank  
  87  7:36  Marine x2  
  95  7:37  SCV  
  95  7:38  Marauder  
  98  7:44  Marauder  
  98  7:50  Barracks  
  100  7:52  SCV  
  100  7:54  Marine x2  
  100  7:55  Supply Depot  
  103  7:58  Supply Depot  
  103  7:59  Marauder  
  103  8:05  Marine  
  105  8:07  Siege Tank  
  105  8:09  Medivac  
  105  8:10  SCV  
  112  8:14  Factory  
  112  8:21  Marauder  
  112  8:24  Armory, SCV  
  115  8:28  SCV  
  115  8:29  Supply Depot  
  115  8:32  Supply Depot  
  116  8:39  SCV  
  117  8:42  Barracks Tech Lab  
  117  8:50  SCV  
  117  8:52  Siege Tank  
  121  8:55  Planetary Fortress  
  121  9:00  Marine x2  
  121  9:01  Marauder  
  125  9:03  SCV  
  125  9:04  Terran Infantry Armor Level 1, SCV  
  127  9:31  Marine  
  127  9:32  Marine x2  
  127  9:33  Marauder x2  
  127  9:35  Refinery  
  127  9:37  Refinery  
  134  9:38  Liberator x2  
  134  9:49  Marine x2  
  134  9:50  Marine, Siege Tank  
  140  9:53  Marine  
  140  9:54  Marauder  
  149  10:03  Factory Tech Lab  
  149  10:04  Supply Depot  
  149  10:05  Supply Depot  
  149  10:06  Supply Depot  
  149  10:08  Terran Vehicle Weapons Level 1  
  149  10:10  Marine, SCV  
  149  10:11  Marine, Marauder  
  154  10:17  Engineering Bay  
  154  10:22  Siege Tank  
  154  10:24  Marine  
  154  10:25  Marauder  
  154  10:26  Siege Tank  
  154  10:28  Liberator x2  
  163  10:33  Marauder  
  165  10:42  Marine  
  165  10:43  Marine x2  
  165  10:46  Marauder  
  176  10:52  Supply Depot x2  
  176  10:53  Supply Depot  
  176  10:54  Marauder  
  178  11:09  Marine x3  
  178  11:10  Marauder  
  183  11:16  Marauder  
  182  11:23  SCV  
  183  11:27  Marine x2  
  168  11:55  Marine x4  
  168  11:56  Marauder  
  174  12:12  Marine  
  174  12:13  Marine x2  
  174  12:14  Marauder  
  179  12:17  Marauder  
  177  12:30  Marine x2  
  177  12:31  Marine  
  177  12:35  Marauder  
  179  12:42  Marine  
  172  12:48  Marine x3  
Tags
 
Add a new tag
Caveats
  • Supply blocks, unpowered buildings, or Contaminate may cause inaccurate times.
  • Supply counts are checked every 10 seconds.